 Dungeon Crawl Stone Soup version 0.23.0 (webtiles) character file.

Game seed: 9514691149064329477

0 Gargoyl the Skirmisher (level 1, -5/19 HPs)
             Began as a Centaur Abyssal Knight on Feb 9, 2019.
             Was an Initiate of Lugonu.
             Slain by a sixfirhy (8 damage)
             ... on level 3 of the Abyss.
             The game lasted 00:01:19 (1862 turns).

Gargoyl the Skirmisher (Centaur Abyssal Knight)     Turns: 1862, Time: 00:01:20

Health: -5/19      AC:  1    Str: 14    XL:     1   Next: 0%
Magic:  2/2        EV:  9    Int: 11    God:    Lugonu [......]
Gold:   28         SH:  0    Dex:  8    Spells: 0/0 levels left

rFire    . . .     SeeInvis .   a - +1 hand axe
rCold    . . .     Gourm    .   (no shield)
rNeg     . . .     Faith    .   b - +0 leather armour
rPois    .         Spirit   .   (no helmet)
rElec    .         Reflect  .   (no cloak)
rCorr    .         Harm     .   (no gloves)
MR       .....                  (no barding)
Stlth    ..........             (no amulet)
HPRegen  0.06/turn              d - -3 ring of protection (curse)
MPRegen  0.08/turn              (no ring)

@: very quick
A: large, hooves 3, deformed body, speed 2, tough skin 3
a: Renounce Religion


You were on level 3 of the Abyss.
You worshipped Lugonu.
Lugonu was noncommittal.
You were not hungry.

You visited 0 branches of the dungeon, and saw 0 of its levels.
You visited the Abyss 1 time.

You collected 28 gold pieces.

Inventory:

Hand Weapons
 a - a +1 hand axe (weapon)
Armour
 b - a +0 leather armour (worn)
Jewellery
 d - a cursed -3 ring of protection (left hand)
Comestibles
 c - a ration


   Skills:
 + Level 3.0 Fighting
 + Level 1.7 Axes
 + Level 1.3 Armour
 + Level 0.6 Dodging
 + Level 2.0 Invocations


You couldn't memorise any spells.
You didn't know any spells.
Your spell library was empty.

Dungeon Overview and Level Annotations

Branches:
Dungeon (0/15)

Altars:


Innate Abilities, Weirdness & Mutations

You have hooves in place of feet.
Armour fits poorly on your strangely shaped body.
You cover ground very quickly.
You have extremely tough skin. (AC +3)


Message History

You start waiting.
You start waiting.
You start waiting.
You start waiting.
You start waiting.
You are suddenly pulled into a different region of the Abyss!
Found a corrupted altar of Lugonu.
c - a ration
d - a steel ring Oops, that ring feels deathly cold.
d - a cursed -3 ring of protection (left hand)
An efreet comes into view.
It is wielding a +4 scimitar of flaming.
A sixfirhy comes into view.
The sixfirhy hits you. The sixfirhy shocks you!
Ouch! That really hurt!
* * * LOW HITPOINT WARNING * * *
A tentacled starspawn comes into view.
The sixfirhy closely misses you. The sixfirhy hits you!
You die...

.## ##.##. .. .
#...###..#.##.#..#
.... ...#.......
#..##...#..# . .
#...#..#.# #.
#..###.....# ..#.
..........#.#....°#
##..####..###.R#○.
.## #..@#.##...##
°○ # #...#3#..# ..
# .#.§.#§#...#.# ##
..# #.....#.# ..##
##§#X..## .
#..###.##.# .
.##....#..#§ .#
..##.....## . #.
..#. .#


You could see a tentacled starspawn and a sixfirhy.

Vanquished Creatures (others)
  5 large abominations (Abyss:3)
  2 raiju (Abyss:3)
  6 golden eyes (Abyss:3)
  8 small abominations (Abyss:3)
  4 lurking horrors (Abyss:3)
25 creatures vanquished.

Notes
Turn   | Place    | Note
-------+----------+-------------------------------------------
     0 | Abyss:1  | Gargoyl the Centaur Abyssal Knight began the quest for the
                  | Orb.
     0 | Abyss:1  | Reached XP level 1. HP: 19/19 MP: 2/2
   948 | Abyss:3  | Killed a small abomination
   958 | Abyss:3  | Killed a large abomination
   966 | Abyss:3  | Killed a golden eye
   968 | Abyss:3  | Killed a golden eye
   971 | Abyss:3  | Killed a golden eye
  1030 | Abyss:3  | Killed a golden eye
  1068 | Abyss:3  | Killed a golden eye
  1069 | Abyss:3  | Killed a small abomination
  1072 | Abyss:3  | Killed a raiju
  1154 | Abyss:3  | Killed a raiju
  1211 | Abyss:3  | Killed a golden eye
  1214 | Abyss:3  | Killed a large abomination
  1236 | Abyss:3  | Killed a small abomination
  1366 | Abyss:3  | Killed a large abomination
  1368 | Abyss:3  | Killed a small abomination
  1380 | Abyss:3  | Killed a small abomination
  1562 | Abyss:3  | Killed a large abomination
  1608 | Abyss:3  | Killed a small abomination
  1666 | Abyss:3  | Killed a large abomination
  1693 | Abyss:3  | Killed a small abomination
  1709 | Abyss:3  | Killed a small abomination
  1790 | Abyss:3  | Found a corrupted altar of Lugonu.
  1855 | Abyss:3  | Noticed an efreet
  1855 | Abyss:3  | Noticed a sixfirhy
  1859 | Abyss:3  | Noticed a tentacled starspawn
  1862 | Abyss:3  | Slain by a sixfirhy

Action                   || total
-------------------------++-------
  Eat: Ration            ||     1
Dodge: Dodged            ||     1
